[Event "*** Titled Tuesday Blitz"]
[Site "Chess.com"]
[Date "2020.05.12"]
[Round "3"]
[White "AryanTari"]
[Black "Arjun2002"]
[Result "1/2-1/2"]
[WhiteElo "2925"]
[BlackElo "2665"]
[TimeControl "180+1"]
[EndTime "10:29:32 PDT"]
[Termination "Game drawn by stalemate"]

1. e4 c5 2. Nf3 Nc6 3. Bb5 e6 4. O-O Nge7 5. Re1 Nd4 6. Nxd4 cxd4 7. c3 a6 8. Bf1 Nc6 9. d3 Bc5 10. Qg4 O-O 11. e5 f5 12. Qg3 b5 13. Bf4 Bb7 14.
Nd2 Rc8 15. h4 Qe8 16. Nf3 Qg6 17. Qh2 h6 18. h5 Qf7 19. Rac1 Bb6 20. Be2 dxc3 21.
bxc3 Ne7 22. d4 Ba5 23. Bd2 Nd5 24. c4 Bxd2 25. Nxd2 Nc7 26. Rc3 bxc4 27. Nxc4 Nb5 28. Rb3 Bd5 29. Rxb5 Bxc4 30. Rc5 Rxc5 31. dxc5 Bxe2 32.
Rxe2 Rb8 33. Qh4 Qf8 34. Rc2 Rb1+ 35. Kh2 f4 36. Qg4 Rb4 37. c6 dxc6 38. Qxe6+ Qf7 39. Rxc6 Qxe6 40. Rxe6 Ra4 41. Kh3 Rxa2 42. f3 Kf7 43. Rb6 Ra5 44. e6+ Kf6 45. Kg4 Rg5+ 46. Kxf4 Rxg2 47.
Rxa6 Re2 48. e7+ Kxe7 49. Kf5 Kf7 50. Ra7+ Re7 51. Rxe7+ Kxe7 52. Kg6 Kf8 53. Kh7 Kf7 54. f4 Kf8 55. Kg6 Kg8 56. f5 Kf8 57. f6 gxf6 58.
Kxf6 Kg8 59. Kg6 Kh8 60. Kf7 Kh7 61. Kf8 Kh8 62. Kf7 Kh7 63. Kf6 Kh8 64. Kg6 Kg8 65.
Kxh6 Kh8 66. Kg6 Kg8 67. h6 Kh8 68. h7 1/2-1/2

[Event "*** Titled Tuesday Blitz"]
[Site "Chess.com"]
[Date "2020.05.12"]
[Round "3"]
[White "Munkhzul_Turmunkh"]
[Black "kleinebeer98"]
[Result "1-0"]
[WhiteElo "2479"]
[BlackElo "2658"]
[TimeControl "180+1"]
[EndTime "10:29:32 PDT"]
[Termination "Munkhzul_Turmunkh won by resignation"]

1. e4 e5 2. Nf3 Nc6 3. Bb5 f5 4. d3 fxe4 5. dxe4 Nf6 6. O-O d6 7. Nc3 Be7 8. Bc4 Na5 9. Bb5+ c6 10. Be2 Be6 11. Ng5 Bg8 12. f4 exf4 13. Bxf4 Nc4 14. b3 Ne5 15. Nf3 Nfg4 16. Nd4 h5 17.
h3 g5 18. hxg4 gxf4 19. gxh5 Qb6 20. Na4 Qc7 21. Nf5 O-O-O 22. Rxf4 d5 23. Qf1 dxe4 24.
Rxe4 Bd5 25. Nxe7+ Qxe7 26. Qf5+ Rd7 27. Rxe5 Qg7 28.
Bg4 Kb8 29. Nc5 Rf7 30. Qg5 Rg8 31. Qxg7 Rfxg7 32. Nd7+ Kc7 33. Nf6 Rxg4 34. Nxg4 Rxg4 35. Re2 Rg5 36. c4 Bf3 37. Rf2 Bxh5 38. Re1 a5 39.
Re7+ Kb6 40. Kh2 a4 41. g3 axb3 42. axb3 Bd1 43. Re3 Bg4 44. Kg2 Kc5 45. Rf4 Kb4 46.
Rf7 b5 47. cxb5 cxb5 48. Rf4+ Ka5 49. b4+ Ka4 50. Ree4 Bd1 51. Rd4 Bb3 52. g4 Bc4 53. Rxc4 bxc4 54. Rxc4 Kb3 55. Rf4 Kc3 56. Kg3 Kd3 57. Kh4 Rg8 58. g5 Ke3 59. Kg4 Rh8 60. g6 Rg8 61. Rf6 Ke4 62. Kg5 Ke5 63. Rf7 Ke6 64.
b5 Rb8 65. Rf6+ Ke7 66. Rf5 Ke6 67. Rc5 Rh8 68. g7 Rg8 69. Kg6 1-0

[Event "*** Titled Tuesday Blitz"]
[Site "Chess.com"]
[Date "2020.05.12"]
[Round "3"]
[White "petrkostenko"]
[Black "SergioGarciaFuentes"]
[Result "0-1"]
[WhiteElo "2458"]
[BlackElo "2166"]
[TimeControl "180+1"]
[EndTime "10:29:34 PDT"]
[Termination "SergioGarciaFuentes won on time"]

1. e4 e5 2. Nf3 Nf6 3. d3 Nc6 4. Nbd2 d5 5. c3 a5 6. Be2 Bc5 7. O-O O-O 8. b3 d4 9. Bb2 dxc3 10. Bxc3 Qe7 11. Nc4 Nd7 12. Rc1 f6 13. Re1 Nb6 14. Ne3 Rd8 15. Qd2 Be6 16. Qc2 Ba3 17. Rcd1 Nb4 18. Qb1 c5 19. Nc4 Nxc4 20. bxc4 b5 21. Qb3 Nc6 22. Qxa3 b4 23. Qb2 bxc3 24. Qxc3 Rdb8 25.
Rb1 Bg4 26. Nd2 Bxe2 27. Rxe2 Nd4 28. Ree1 Rxb1 29. Nxb1 Rb8 30. Nd2 Qb7 31. h3 Qb2 32. Qxa5 Nc6 33. Qxc5 Qxd2 34. Re3 Nd4 35. Qd5+ Kh8 36.
Qd6 Qc1+ 37. Kh2 Rg8 38. a4 Qa1 39. c5 Ra8 40. c6 Qxa4 41. c7 Qc6 42. Qe7 Rc8 43. Rg3 Qxc7 44. Rxg7 Qxe7 45. Rxe7 Rc2 46. Kg3 Rd2 47. Rf7 Rxd3+ 48. Kh4 Ne2 49. Rxf6 Nf4 50. g3 Ng6+ 51. Kg5 Rd2 52. h4 Kg7 53. Rf5 h6+ 54.
Kg4 Rd3 55. h5 Nh8 56. Rxe5 Nf7 57. Re6 Rd4 58. f4 Kf8 59. Ra6 Rxe4 60. Kf5 Re3 61. g4 Kg7 0-1

[Event "*** Titled Tuesday Blitz"]
[Site "Chess.com"]
[Date "2020.05.12"]
[Round "3"]
[White "Zarikovs1999"]
[Black "Skatchkov_V"]
[Result "0-1"]
[WhiteElo "2369"]
[BlackElo "2561"]
[TimeControl "180+1"]
[EndTime "10:29:35 PDT"]
[Termination "Skatchkov_V won on time"]

1. e4 e5 2. Nf3 Nf6 3. Nxe5 d6 4. Nf3 Nxe4 5. d4 d5 6. Bd3 Bd6 7. O-O O-O 8. c4 c6 9. Re1 Re8 10. Nc3 Nxc3 11. bxc3 dxc4 12. Bxc4 Bg4 13. Bg5 Rxe1+ 14.
Qxe1 Qf8 15. Ne5 Bh5 16. a4 h6 17. Bf4 Na6 18. Qd2 Nc7 19. Re1 Nd5 20. Bg3 Re8 21.
Nd7 Rxe1+ 22. Qxe1 Qe7 23. Qxe7 Bxe7 24. Bxd5 cxd5 25.
Nc5 b6 26. Nd3 Bd1 27. Nb4 Bxb4 28. cxb4 Bxa4 29. Bb8 a6 30. Ba7 b5 31. Bc5 Bb3 32. f3 Bc4 33. Kf2 f6 34. Ke3 Kf7 35. Kf4 g6 36. h4 h5 37. g3 Ke6 38. Bb6 Be2 39.
Bc5 Kd7 40. Ke3 Bd1 41. Kf4 Kc6 42. Be7 Kb7 43. Bxf6 a5 44. bxa5 b4 45. Be7 b3 46.
Ba3 Ka6 47. g4 Kxa5 48. gxh5 gxh5 49. Bb2 Kb4 50. Ke3 Kc4 51. f4 Bg4 52. Ba1 Bf5 53. Bb2 Kb4 54. Kd2 Be4 55. Ke3 Kb5 56. Kd2 Kc6 57. Ke3 Kd7 58. Ba3 Ke6 59. Kd2 Kf5 60.
Ke3 Kg4 61. Bb2 Kxh4 62. f5 Bxf5 63. Kf4 Be4 64. Bc3 Kh3 0-1

[Event "*** Titled Tuesday Blitz"]
[Site "Chess.com"]
[Date "2020.05.12"]
[Round "3"]
[White "szefru"]
[Black "shav3184"]
[Result "0-1"]
[WhiteElo "2100"]
[BlackElo "2337"]
[TimeControl "180+1"]
[EndTime "10:29:35 PDT"]
[Termination "shav3184 won by checkmate"]

1. e4 e5 2. Nf3 Nc6 3. Bb5 a6 4.
Ba4 Nf6 5. Qe2 b5 6. Bb3 Bc5 7.
c3 d6 8. h3 O-O 9. O-O Bb6 10. Rd1 Re8 11. d3 Bb7 12. Nbd2 Ne7 13. Nf1 Ng6 14. Ng3 d5 15. Bg5 h6 16. Bxf6 Qxf6 17.
Nh2 Nf4 18. Qf3 Rad8 19. Ng4 Nxh3+ 20. Kh2 Qxf3 21. gxf3 Nxf2 22. Nxf2 Bxf2 23. Nf5 Kh7 24. Rd2 Bb6 25. Rg2 g6 26. Ng3 Re7 27. Rd1 Red7 28.
Bc2 Be3 29. Rf1 Bf4 30. Kg1 Bxg3 31. Rxg3 c5 32. Kf2 dxe4 33. fxe4 c4 34. Rh1 cxd3 35. Bd1 Bxe4 36. Rh4 Bf5 37. Rg1 e4 38. Rgh1 Kg7 39. Rxh6 Kf6 40. R6h2 Re7 41. Ke3 Ke5 42. Rf2 Be6 43.
Rh7 Rdd7 44. Rf4 f5 45. Rh6 g5 46. Rf1 f4+ 47. Kd2 e3+ 48. Kc1 e2 49. Bxe2 dxe2 50. Re1 Rd1+ 51. Rxd1 exd1=Q+ 52. Kxd1 Bg4+ 53. Kd2 Kf5 54. Kc2 Re2+ 55. Kb3 f3 56. Rxa6 f2 57. Ra8 Kf4 58.
Rf8+ Bf5 59. a4 f1=Q 60. axb5 Qd1+ 61. Kb4 Re4+ 62. Kc5 Re5+ 63. Kb6 Qd6+ 64. Ka5 Qxf8 65. b4 Qa8+ 66. Kb6 Qb8+ 67. Ka5 Qxb5# 0-1

[Event "*** Titled Tuesday Blitz"]
[Site "Chess.com"]
[Date "2020.05.12"]
[Round "3"]
[White "MalakhovKirill"]
[Black "profofchess"]
[Result "0-1"]
[WhiteElo "2635"]
[BlackElo "2425"]
[TimeControl "180+1"]
[EndTime "10:29:36 PDT"]
[Termination "profofchess won by checkmate"]

1. c4 e5 2. Nc3 Nc6 3. g3 Bc5 4. Bg2 a6 5. e3 Ba7 6. Nge2 d6 7.
h4 Bg4 8. a3 Qd7 9. b4 Nge7 10.
b5 axb5 11. Nxb5 Bb6 12. Bb2 O-O 13. O-O Bh3 14. d4 Bxg2 15. Kxg2 exd4 16. exd4 Nf5 17. Nf4 Na5 18. Qd3 c6 19. Nc3 Nb3 20. Rad1 Nbxd4 21. Ne4 c5 22. Nd5 Bd8 23. Rh1 b5 24. h5 bxc4 25.
Qxc4 h6 26. Rhe1 Ra4 27. Qa2 Qc6 28. f3 Bg5 29. Bc1 Bxc1 30. Rxc1 Qa8 31. Rc3 Nb5 32. Rd3 Rxa3 33. Qd2 Ra2 34. Re2 Rxd2 35. Rexd2 Nfd4 36. Nf4 Qa1 37. g4 Ra8 38. g5 Ra2 39. gxh6 gxh6 40.
Nf6+ Kg7 41. N6d5 Rxd2+ 42. Rxd2 Qc1 43. Rf2 Nc3 44. Kh2 Nxd5 45. Rg2+ Kf8 46. Nxd5 Nxf3+ 47. Kg3 Ne5 48. Nf4 Qe3+ 49. Kh2 Qxf4+ 50. Rg3 Qxg3+ 51. Kxg3 c4 52. Kf4 c3 53. Ke3 d5 54. Ke2 c2 55.
Kd2 d4 56. Kxc2 d3+ 57. Kd2 Ke7 58. Ke3 Kf6 59. Kf4 Ke6 60. Ke4 f5+ 61. Ke3 Kd5 62.
Kd2 Kd4 63. Ke1 Nc4 64. Kd1 Kc3 65. Ke1 d2+ 66. Kf2 f4 67. Kf3 d1=Q+ 68. Kxf4 Qd5 69.
Kg4 Na3 70. Kf4 Kd4 71. Kg3 Ke4 72. Kg4 Qf5+ 73. Kg3 Qf3+ 74. Kh4 Qf4+ 75. Kh3 Qg5 76. Kh2 Kf3 77. Kh3 Qg3# 0-1

[Event "*** Titled Tuesday Blitz"]
[Site "Chess.com"]
[Date "2020.05.12"]
[Round "3"]
[White "realmadridtv"]
[Black "BAS8892"]
[Result "0-1"]
[WhiteElo "2450"]
[BlackElo "2710"]
[TimeControl "180+1"]
[EndTime "10:29:37 PDT"]
[Termination "BAS8892 won by resignation"]

1. d4 d5 2. c4 c6 3. Nf3 Nf6 4. g3 Bf5 5. Bg2 e6 6. Qb3 Qb6 7. Nc3 Nbd7 8. O-O h6 9. c5 Qxb3 10. axb3 a6 11. b4 Rc8 12. Nd2 Be7 13. f3 O-O 14. e4 Bg6 15. e5 Ne8 16. f4 Nc7 17. h4 f6 18. Bh3 Rce8 19. Nf3 Be4 20. Nd2 Bd3 21. Rf3 Bc2 22. Rf2 g5 23. hxg5 hxg5 24.
Nf3 Be4 25. fxg5 Bxf3 26. gxf6 Nxf6 27. exf6 Rxf6 28. Bf4 Rxf4 29. gxf4 Bh5 30. f5 Bf6 31. Rg2+ Kh8 32. Ne2 e5 33. dxe5 Bxe5 34. Kh1 Bf3 35. Rf1 Bxg2+ 36. Kxg2 Bxb2 37. f6 Rxe2+ 38. Kf3 Re8 39.
f7 Rf8 40. Kg4 Kg7 41. Kh5 Rxf7 42. Rb1 Bc3 43. Rb3 Nb5 44. Bg4 Rf4 45. Kg5 Rxb4 46. Rxb4 Bxb4 47. Bc8 Bxc5 48. Bxb7 d4 49. Bxc6 d3 50. Kf4 d2 51. Bf3 Nc3 52. Ke5 d1=Q 53. Bxd1 Nxd1 54. Kd5 Be7 55. Kc4 a5 56. Kb3 Bd8 57. Ka4 Ne3 58. Kb5 Kf6 59. Ka4 Ke5 60.
Kb5 Kd4 61. Ka4 Nc4 62. Kb5 Nd6+ 63. Ka4 Kc5 64. Kb3 Kb5 65. Ka3 a4 66. Ka2 Bf6 67.
Kb1 Nc4 68. Ka2 Kb4 69. Kb1 Kb3 70. Kc1 a3 71. Kd1 a2 72. Ke2 0-1

[Event "*** Titled Tuesday Blitz"]
[Site "Chess.com"]
[Date "2020.05.12"]
[Round "3"]
[White "ajian"]
[Black "SameerMujumdar"]
[Result "1/2-1/2"]
[WhiteElo "2380"]
[BlackElo "2175"]
[TimeControl "180+1"]
[EndTime "10:29:37 PDT"]
[Termination "Game drawn by repetition"]

1. d4 Nf6 2. c4 g6 3. Nc3 Bg7 4. e4 d6 5. Nf3 O-O 6. Be2 Na6 7. O-O e5 8. Be3 Ng4 9. Bg5 Qe8 10. d5 h6 11. Bh4 f5 12. Nd2 Nf6 13. f3 c5 14.
a3 Nc7 15. b4 b6 16. Rb1 f4 17.
Bf2 g5 18. Nb3 Na6 19. bxc5 Nxc5 20. Nxc5 bxc5 21. Qa4 Qe7 22. Rb2 g4 23. Rfb1 h5 24. Rb8 Bd7 25. R8b7 Bh6 26. Rxa7 Rxa7 27. Qxa7 Qg7 28.
Bh4 Bg5 29. Bxg5 Qxg5 30. Rb7 Rf7 31. Rb8+ Kg7 32. Qa8 h4 33. Nd1 h3 34. Rh8 hxg2 35. Qd8 Nxe4 36. fxe4 Qxd8 37. Rxd8 f3 38. Bd3 Kf6 39.
Nf2 Kg5 40. Rg8+ Kf4 41. Rh8 Ke3 42. Bc2 g3 43. hxg3 Ke2 44. Bd1+ Ke1 45. Rh4 Rg7 46. Bxf3 Rxg3 47. Bxg2 Re3 48. Rh2 Re2 49. Nh3 Rd2 50.
Bf1 Rd4 51. Re2+ Kd1 52. Nf2+ Kc1 53. Re3 Ba4 54. Rd3 Rxc4 55. Rd1+ Bxd1 56. Bxc4 Bf3 57. Bb5 Be2 58. a4 Bxb5 59. axb5 c4 60. b6 c3 61. b7 c2 62. Nd3+ Kd2 63. b8=Q Kxd3 64.
Qb2 Kd2 65. Qb4+ Kd1 66. Qb3 Kd2 67. Qb4+ Kd1 68. Qa4 Kd2 69. Qa5+ Kd1 70. Qa4 Kd2 71.
Qb4+ 1/2-1/2

[Event "*** Titled Tuesday Blitz"]
[Site "Chess.com"]
[Date "2020.05.12"]
[Round "3"]
[White "Loiacono_Antonio"]
[Black "Gahan-MG"]
[Result "1-0"]
[WhiteElo "2398"]
[BlackElo "2563"]
[TimeControl "180+1"]
[EndTime "10:29:38 PDT"]
[Termination "Loiacono_Antonio won on time"]

1. e4 d5 2. exd5 Nf6 3. Bb5+ Bd7 4. Bc4 b5 5. Be2 Nxd5 6. d4 g6 7. Nf3 Bg7 8. O-O O-O 9. a4 bxa4 10. c4 Nb6 11.
Nc3 Bg4 12. h3 Bxf3 13. Bxf3 c6 14. c5 Nd5 15. Nxd5 cxd5 16. Rxa4 Nc6 17. Be3 e6 18. b4 a6 19. Be2 Qc8 20. Qd2 Re8 21. Rfa1 e5 22.
Bxa6 Qe6 23. b5 Nxd4 24. Bxd4 exd4 25. c6 d3 26. Qxd3 Bxa1 27. Rxa1 Qe5 28. Rb1 Qd6 29. Bb7 Ra3 30. Qc2 d4 31. c7 Rc3 32. Qd2 Rxc7 33.
Bc6 Rb8 34. Rd1 Rd8 35. Qa5 d3 36. Rxd3 Qxd3 37. Qxc7 Qd1+ 38. Kh2 Qd6+ 39. Qxd6 Rxd6 40. Kg3 f5 41. Kf4 Kf7 42. Ke5 Ke7 43. f4 Rd2 44. b6 Kd8 45. b7 Kc7 46. Bf3 Rb2 47. Kf6 Rb4 48. Kg7 Rxf4 49. Kxh7 g5 50. Kg6 g4 51.
hxg4 fxg4 52. Bd5 Rd4 53. Be6 Kxb7 54. Kf5 g3 55. Ke5 Rb4 56. Bd5+ Kc7 57. Be4 Kd7 58. Kf4 Ke6 59. Kf3 Ke5 60. Ba8 Rb3+ 61. Kg4 Kd4 62.
Kh3 Re3 63. Bf3 Ke5 64. Kxg3 Kf5 65. Kf2 Kf4 66. g3+ 1-0

[Event "*** Titled Tuesday Blitz"]
[Site "Chess.com"]
[Date "2020.05.12"]
[Round "3"]
[White "PhileKhoob"]
[Black "ThunderrPanda"]
[Result "0-1"]
[WhiteElo "2437"]
[BlackElo "2804"]
[TimeControl "180+1"]
[EndTime "10:29:39 PDT"]
[Termination "ThunderrPanda won by resignation"]

1. e4 c5 2. Nf3 d6 3. d4 cxd4 4. Nxd4 Nf6 5. Nc3 a6 6. Bg5 e6 7. Bc4 Be7 8. Qd2 Qc7 9. Bb3 h6 10. Be3 Nc6 11. O-O-O Na5 12. f3 Nc4 13. Bxc4 Qxc4 14.
Kb1 Nd7 15. g4 b5 16. h4 Ne5 17.
g5 Qc7 18. b3 Bb7 19. Rhg1 Rc8 20. Nce2 h5 21. g6 Bf6 22. gxf7+ Qxf7 23. Nf4 Nxf3 24.
Nxf3 Bxe4 25. Ng5 Bxg5 26. Rxg5 Rxc2 27. Qxc2 Bxc2+ 28. Kxc2 e5 29. Ng6 Rh6 30. Rdg1 Qd5 31. Bd2 Qe4+ 32. Kb2 Kd7 33. Bc3 Qe2+ 34. Ka1 Qc2 35.
Bb2 a5 36. Rc1 Qd2 37. Rgg1 Qd3 38. Nf8+ Ke7 39. Rcd1 Qh3 40. Ng6+ Ke6 41. Rde1 Qf5 42. Nxe5 dxe5 43. Rxe5+ Qxe5 44. Bxe5 Kxe5 45. Rxg7 Kf4 46.
Rg5 a4 47. Rxb5 a3 48. Ra5 Kg4 49. Ra4+ Kg3 50. Rxa3 Kxh4 51. b4 Kg4 52. Rb3 h4 53. a4 h3 54. Ka2 h2 55. Rb1 h1=Q 56. Rxh1 Rxh1 57. Kb3 Kf5 58. Kc4 Ke6 59. Kc5 Kd7 60. Kb6 Kc8 61. b5 Kb8 62. a5 Rh6+ 63. Kc5 Kb7 64.
a6+ Ka7 65. Kb4 Kb6 0-1

[Event "*** Titled Tuesday Blitz"]
[Site "Chess.com"]
[Date "2020.05.12"]
[Round "3"]
[White "GMsKoRPioN"]
[Black "HouseOfDurin"]
[Result "0-1"]
[WhiteElo "2423"]
[BlackElo "2018"]
[TimeControl "180+1"]
[EndTime "10:29:39 PDT"]
[Termination "HouseOfDurin won by checkmate"]

1. d4 Nf6 2. c4 c5 3. d5 b5 4.
cxb5 a6 5. b6 d6 6. Nc3 Nbd7 7.
e4 g6 8. Be2 Bg7 9. Nf3 O-O 10.
O-O Nxb6 11. a4 Bd7 12. a5 Nc8 13. Nd2 Na7 14. Nc4 Bb5 15. Nb6 Rb8 16. Re1 Nd7 17. Nxb5 Nxb5 18. Bxb5 axb5 19. Nxd7 Qxd7 20. Qc2 b4 21.
Bf4 Rb5 22. a6 Ra8 23. e5 dxe5 24. Bxe5 Bxe5 25. Rxe5 Qd6 26. Qe2 Rb6 27. h4 h5 28.
f4 Raxa6 29. Re1 Ra7 30. f5 Qf6 31. fxg6 fxg6 32. Rf1 Qxh4 33. Re4 Qg5 34. Qf3 Rf6 35. Rf4 Rxf4 36. Qxf4 Qxf4 37. Rxf4 Rd7 38. Re4 Kf7 39. Re5 Kf6 40. Re6+ Kf7 41. Re5 Kf6 42. Re2 Kf5 43. Kf2 Rxd5 44. Rxe7 Rd2+ 45. Kf3 Rxb2 46. Rc7 Rc2 47.
g3 Rc3+ 48. Kf2 Kg4 49. Rc6 g5 50. Re6 h4 51. gxh4 gxh4 52. Re4+ Kg5 53. Kg2 h3+ 54. Kh2 Kf5 55. Re8 b3 56. Rb8 c4 57. Rb4 Ke4 58. Rb8 Kd4 59. Rd8+ Kc5 60. Rb8 Kc6 61. Rb4 Kc5 62. Rb8 Rc2+ 63. Kxh3 b2 64. Kg3 c3 65.
Rc8+ Kb4 66. Rb8+ Ka3 67. Kf3 Rc1 68. Ke3 b1=Q 69. Ra8+ Kb2 70. Rb8+ Kc2 71. Rxb1 Rxb1 72. Kd4 Rb4+ 73. Kc5 Rb8 74. Kc6 Kb2 75. Kc7 Rf8 76. Kd6 c2 77. Ke7 Rf2 78. Ke6 Rd2 79. Ke5 c1=Q 80. Ke4 Qe1+ 81. Kf3 Rf2+ 82. Kg4 Qg1+ 83. Kh3 Rh2# 0-1

[Event "*** Titled Tuesday Blitz"]
[Site "Chess.com"]
[Date "2020.05.12"]
[Round "3"]
[White "124chess"]
[Black "MiroVlasenko"]
[Result "1/2-1/2"]
[WhiteElo "2801"]
[BlackElo "2613"]
[TimeControl "180+1"]
[EndTime "10:29:41 PDT"]
[Termination "Game drawn by agreement"]

1. e4 Nc6 2. Nc3 e6 3. g3 Bb4 4. Bg2 Nf6 5. Nge2 d5 6. a3 Bxc3 7. Nxc3 d4 8. Ne2 d3 9. cxd3 Qxd3 10. O-O Nxe4 11. Nf4 Qd4 12. Nh5 O-O 13. d3 Nf6 14. Be3 Qxb2 15. d4 Nxh5 16. Qxh5 Qc2 17. Rac1 Qg6 18. Qxg6 hxg6 19. Bxc6 bxc6 20. Rxc6 Bb7 21. Rxc7 Bf3 22. h3 Rfc8 23. Rfc1 Rxc7 24. Rxc7 Rb8 25.
g4 a6 26. Ra7 Be2 27. Bf4 Rb3 28. Ra8+ Kh7 29. Ra7 f6 30. Bd6 Kg8 31. Kg2 Bf3+ 32. Kh2 Bb7 33. h4 Kf7 34. g5 Ke8 35. Bb4 Be4 36.
Re7+ Kd8 37. Rxe6 Bf5 38. Rd6+ Kc7 39. Rxa6 Rh3+ 40. Kg2 Rxh4 41. Ra7+ Kb6 42. Rxg7 fxg5 43. Bc5+ Kb5 44. Kf3 Rf4+ 45. Ke3 Re4+ 46. Kd2 Rf4 47.
Rb7+ Kc4 48. Ke3 Re4+ 49. Kf3 Rf4+ 50. Kg3 Rg4+ 51. Kh2 Rh4+ 52. Kg1 Rg4+ 53. Kf1 Bd3+ 54. Ke1 Re4+ 55. Kd1 Rf4 56. Rb4+ Kd5 57. Kd2 Bf5 58. a4 Rxf2+ 59. Ke3 Ra2 60. Be7 Bc2 61. Bxg5 Rxa4 62.
Rb5+ Ke6 63. Re5+ Kd7 64. Be7 Bf5 65. Bc5 Ra1 66. Kf4 Kc6 67. Kg5 Rd1 68. Kf6 Rf1 69.
Be7 Rd1 70. Rc5+ Kd7 71. Rd5+ Kc6 72. Rd6+ Kb5 73. Rd5+ 1/2-1/2

[Event "*** Titled Tuesday Blitz"]
[Site "Chess.com"]
[Date "2020.05.12"]
[Round "3"]
[White "salomez"]
[Black "rst2003"]
[Result "1-0"]
[WhiteElo "2237"]
[BlackElo "2460"]
[TimeControl "180+1"]
[EndTime "10:29:41 PDT"]
[Termination "salomez won by resignation"]

1. e4 c5 2. Nf3 d6 3. d4 cxd4 4. Nxd4 Nf6 5. Nc3 a6 6. Bc4 e6 7.
O-O Be7 8. a4 Nc6 9. Be3 Qc7 10.
Ba2 O-O 11. f4 Bd7 12. Kh1 Rac8 13. Qf3 Nxd4 14. Bxd4 Bc6 15. Qg3 g6 16. f5 e5 17.
fxg6 exd4 18. gxf7+ Kh8 19. Ne2 Nxe4 20. Qh3 Ng5 21.
Qg4 Qb6 22. Nxd4 d5 23. Rae1 Rc7 24. Rxe7 Rxe7 25. Qxg5 Rexf7 26. Qe5+ Kg8 27. Nf5 Rf6 28. Ne7+ Kg7 29. Rxf6 Rxf6 30. Ng8 Kxg8 31. Qxf6 Qe3 32. h3 Qc1+ 33. Kh2 Qxc2 34. Qg5+ Kf7 35. Bxd5+ Bxd5 36.
Qxd5+ Kg6 37. Qxb7 Qxa4 38. Qb6+ Kg7 39. Qc7+ Kg6 40.
Qc3 Qf4+ 41. Qg3+ Qxg3+ 42. Kxg3 Kf5 43. Kf3 Ke5 44. g4 Kd4 45. h4 Kc4 46. g5 Kb3 47. h5 Kxb2 48. g6 hxg6 49. hxg6 a5 50. g7 a4 51. g8=Q a3 52. Qg7+ Kb1 53. Qb7+ Kc2 54.
Qc6+ Kb2 55. Qb5+ Ka1 56. Qe5+ Kb1 57. Qe4+ Ka1 58. Qd4+ Kb1 59. Qd3+ Kb2 60. Qd2+ Kb1 61. Qb4+ Ka2 62. Ke2 Ka1 63. Qxa3+ 1-0

[Event "*** Titled Tuesday Blitz"]
[Site "Chess.com"]
[Date "2020.05.12"]
[Round "3"]
[White "kingofthenil"]
[Black "Belka1989"]
[Result "0-1"]
[WhiteElo "2455"]
[BlackElo "2130"]
[TimeControl "180+1"]
[EndTime "10:29:44 PDT"]
[Termination "Belka1989 won by checkmate"]

1. e4 e5 2. Nf3 Nc6 3. Bc4 Nf6 4. d3 Bc5 5. c3 d6 6. Bb3 a6 7. Nbd2 Bg4 8. Nf1 O-O 9. Ng3 Ne7 10.
h3 Be6 11. Nh2 d5 12. Qf3 Ng6 13. Bg5 d4 14. Nh5 Be7 15. Bxf6 Bxf6 16. Ng4 Bg5 17. g3 Qd7 18. Bd1 Rad8 19. h4 Bxg4 20. Qxg4 Qxg4 21. Bxg4 Bh6 22. Ke2 c6 23. c4 Ne7 24. f4 f5 25.
exf5 g6 26. f6 Nc8 27. fxe5 Rde8 28. Bxc8 Rxc8 29. e6 gxh5 30. Rhf1 Be3 31. e7 Rf7 32. Rf5 h6 33. Raf1 Kh7 34. Rxh5 Re8 35. Rhf5 Kg6 36. g4 b5 37. Kf3 Rxf6 38. Rxf6+ Kxf6 39. Ke4+ Kxe7 40. Rf5 Kd6+ 41. Kf3 Re6 42. c5+ Kd7 43. b4 Ke7 44. a3 Rf6 45. Ke4 Rxf5 46. Kxf5 Kf7 47.
g5 hxg5 48. hxg5 Bc1 49. g6+ Kg7 50. Ke6 Bxa3 51. Kd7 Bxb4 52. Kxc6 a5 53. Kxb5 Kxg6 54. c6 Bd6 55. Kxa5 Kf5 56. Kb6 Kf4 57. Kb5 Ke3 58.
Kc4 Bc7 59. Kb5 Kxd3 60. Ka6 Ke3 61. Kb7 Be5 62. Ka6 d3 63. Kb5 d2 64. Kc5 d1=Q 65. Kb6 Qc2 66. Kb7 Qb3+ 67. Kc8 Qc4 68. Kd7 Qd5+ 69. Kc8 Qxc6+ 70. Kd8 Bf6# 0-1

[Event "*** Titled Tuesday Blitz"]
[Site "Chess.com"]
[Date "2020.05.12"]
[Round "3"]
[White "emperor87"]
[Black "LiamVrolijk"]
[Result "0-1"]
[WhiteElo "2610"]
[BlackElo "2817"]
[TimeControl "180+1"]
[EndTime "10:29:45 PDT"]
[Termination "LiamVrolijk won by resignation"]

1. e4 e5 2. Nf3 Nc6 3. Bc4 Bc5 4. c3 Nf6 5. O-O Nxe4 6. d4 exd4 7. cxd4 d5 8. dxc5 dxc4 9. Qe2 Qe7 10. Re1 f5 11.
Qxc4 Be6 12. Qb5 O-O-O 13. Nc3 Qxc5 14. Qxc5 Nxc5 15. Bg5 Rde8 16. Red1 h6 17. Be3 Nd7 18. a3 Nb6 19. Bxb6 axb6 20. b4 Rd8 21. b5 Na5 22.
Nd4 Rhe8 23. Rab1 g5 24. f4 Nc4 25. a4 Ne3 26. Rd2 gxf4 27. Nce2 f3 28. gxf3 Bc4 29. Nf4 Nd5 30. Nxd5 Rxd5 31. Kf2 Red8 32. Rbd1 f4 33. h4 c5 34. bxc6 bxc6 35. Ke1 Re8+ 36. Kf2 Red8 37.
Ke1 c5 38. Nf5 Re8+ 39. Kf2 Rxf5 40. Rc1 Bd5 41. a5 Kb7 42. Rb2 Re6 43. Rxc5 Be4 44. Rxf5 Bxf5 45. Rb4 Bd3 46. axb6 Rxb6 47. Rxf4 Kc7 48.
Rd4 Rd6 49. Rf4 Kd7 50. Kg3 Ke7 51. Rb4 Bg6 52. Kf4 Kf6 53. Ra4 Bf7 54. Ra5 Be6 55. Rb5 Rd4+ 56. Kg3 Rd5 57. Rb4 h5 58. Rf4+ Bf5 59.
Rb4 Ke5 60. Rb6 Rd3 61. Rh6 Bg4 62. Kg2 Rxf3 63. Rg6 Ra3 64. Rg5+ Kf4 65. Rc5 Ra2+ 66. Kg1 Kg3 0-1

[Event "*** Titled Tuesday Blitz"]
[Site "Chess.com"]
[Date "2020.05.12"]
[Round "3"]
[White "SpasKozhuharov"]
[Black "AustrianFalcon"]
[Result "1-0"]
[WhiteElo "2663"]
[BlackElo "2463"]
[TimeControl "180+1"]
[EndTime "10:29:49 PDT"]
[Termination "SpasKozhuharov won by checkmate"]

1. c4 g6 2. d4 Bg7 3. e4 d6 4.
Nc3 e5 5. dxe5 Bxe5 6. Nf3 Bxc3+ 7. bxc3 Nc6 8. Bf4 f6 9. h3 b6 10. Nd4 Bb7 11. Bd3 Qd7 12. O-O Nge7 13. Bh6 Rg8 14. a4 a5 15. Nb5 O-O-O 16. f4 Kb8 17. Qg4 f5 18. Qg5 Rde8 19. Rae1 fxe4 20. Bxe4 Nf5 21.
Bd5 Rxe1 22. Rxe1 Re8 23. Rf1 Na7 24. g4 Nxh6 25. Qxh6 Bxd5 26. cxd5 Nxb5 27. axb5 Re2 28. Qf8+ Kb7 29. c4 Re4 30. f5 gxf5 31. Qxf5 Qe7 32. Rf4 Re1+ 33. Kg2 Qe2+ 34. Kg3 Rh1 35. Kh4 Qe1+ 36.
Kg5 Rxh3 37. Qd7 Qe5+ 38. Rf5 Qe3+ 39. Kf6 Rh6+ 40. Kg7 Rg6+ 41. Kf7 Qh6 42. Qc6+ Kb8 43. Qe8+ Ka7 44. Ke7 Rg7+ 45. Kd8 Qh4+ 46. Kc8 Qxg4 47.
Qe6 h5 48. Rf8 Qxe6+ 49. dxe6 Re7 50. Rf6 h4 51. Kd8 Rh7 52. e7 Rh8+ 53. e8=Q Rxe8+ 54. Kxe8 a4 55. Rf7 a3 56. Rxc7+ Kb8 57. Rf7 a2 58. Rf1 h3 59. Kd7 h2 60. Kxd6 Kb7 61. Rh1 Ka7 62. Kc6 Kb8 63. Kxb6 Kc8 64. c5 Kd7 65.
c6+ Ke6 66. c7 Kf5 67. c8=Q+ Kf4 68. Qc4+ Ke3 69. Qxa2 Kf3 70. Qxh2 Ke3 71. Rg1 Kd4 72. Rg3 Kd5 73. Qh4 Kd6 74. Rg5 Ke7 75. Qh6 Kf7 76. Rg7+ Kf8 77. Qh8# 1-0

[Event "*** Titled Tuesday Blitz"]
[Site "Chess.com"]
[Date "2020.05.12"]
[Round "3"]
[White "druskacik"]
[Black "elisak43"]
[Result "0-1"]
[WhiteElo "2652"]
[BlackElo "2428"]
[TimeControl "180+1"]
[EndTime "10:29:49 PDT"]
[Termination "elisak43 won by resignation"]

1. e4 Nf6 2. e5 Nd5 3. d4 d6 4. Nf3 Nb6 5. a4 a5 6. Bb5+ c6 7. Bd3 Bg4 8. Nbd2 dxe5 9. dxe5 e6 10. Qe2 N8d7 11. h3 Bh5 12. O-O Nc5 13. Be4 Nxe4 14. Nxe4 Qc7 15. Bf4 Nd5 16. Bh2 Be7 17. Nd6+ Kf8 18.
c4 Nb4 19. Qe4 Bg6 20. Qf4 Nd3 21. Qd4 Rd8 22. Rad1 c5 23. Qc3 Nb4 24. Rd2 h6 25. Rfd1 Qc6 26. Bg3 Kg8 27. Bh4 Rd7 28. b3 Kh7 29. Bxe7 Rxe7 30. Nh4 Rf8 31. Nb5 b6 32. f3 Qb7 33. Rd6 Nc6 34. Qe3 Nb4 35. R1d2 Nc6 36. Kh2 Nb4 37. Qf2 Nc6 38. Qe1 Nb4 39.
Qd1 Nc6 40. Rd7 Rxd7 41. Rxd7 Qb8 42. Qd6 Nxe5 43. Nxg6 Kxg6 44. Qxb8 Rxb8 45. Rd6 f6 46. Rxe6 Kf5 47. Rd6 Kf4 48. Nc3 Ke3 49. Rxb6 Rxb6 50. Nd5+ Kd4 51. Nxb6 Kc3 52. f4 Nd3 53. Nd7 Kxb3 54.
g4 Kxc4 55. h4 Kb3 56. g5 fxg5 57. hxg5 hxg5 58. fxg5 c4 59. Nf6 c3 60. Nh5 c2 61.
Nxg7 c1=Q 62. Nf5 Qc2+ 63. Kg3 Ne5 64. Nd4+ Kc3 65. Nxc2 Kxc2 66. Kf4 Ng6+ 67. Kf5 Nh4+ 68. Kg4 Ng6 69. Kf5 Nf8 70. Kf6 Nh7+ 71. Kg6 Nxg5 72. Kxg5 Kb3 73. Kf4 Kxa4 74. Ke3 Kb3 75. Kd2 Kb2 76.
Kd3 a4 77. Kc4 a3 0-1